 Dungeon Crawl Stone Soup version 0.26.1-11-gd32895ea62 (webtiles) character file.

Game seed: 8282423479749184305

21773 Almogavar the Unseen (level 13, -7/71 HPs)
             Began as a Kobold Conjurer on July 13, 2021.
             Was an Elder of Nemelex Xobeh.
             Killed from afar by a fire dragon (14 damage)
             ... with a blast of flame
             ... in a volcano.
             The game lasted 00:48:01 (17687 turns).

Almogavar the Unseen (Kobold Conjurer)             Turns: 17687, Time: 00:48:01

Health: -7/71      AC:  6    Str:  5    XL:     13   Next: 22%
Magic:  3/25       EV: 17    Int: 23    God:    Nemelex Xobeh [****..]
Gold:   903        SH: 11    Dex: 14    Spells: 18/28 levels left

rFire    + + .     SeeInvis .   j - +6 dagger (elec)
rCold    + . .     Faith    .   J - +5 kite shield "Iraczuritz" {rF+ rC+}
rNeg     . . .     Spirit   .   e - +1 robe {Archmagi}
rPois    .         Reflect  .   h - +2 hat
rElec    .         Harm     .   u - scarf {repulsion}
rCorr    .         Rampage  .   n - +0 pair of gloves
Will     .....                  (no boots)
Stlth    ++++++++..             (no amulet)
HPRegen  0.21/turn              l - ring of protection from fire
MPRegen  0.19/turn              (no ring)

@: very slightly contaminated, repel missiles
A: small, nightstalker 3
a: Renounce Religion, Draw Escape, Draw Destruction, Draw Summoning, Triple
Draw, Deal Four


You were in a volcano.
You worshipped Nemelex Xobeh.
Nemelex Xobeh was greatly pleased with you.
You visited 3 branches of the dungeon, and saw 13 of its levels.
You also visited: Volcano.

You collected 903 gold pieces.

Inventory:

Hand Weapons
 j - a +6 dagger of electrocution (weapon)
Armour
 e - a +1 robe of the Archmagi (worn)
 h - a +2 hat (worn)
 i - a +1 robe of cold resistance
 k - a +2 robe of willpower
 n - a +0 pair of gloves (worn)
 p - +0 steam dragon scales
 q - a +4 scale mail of fire resistance
 u - a scarf of repulsion (worn)
 J - the +5 kite shield "Iraczuritz" (worn) {rF+ rC+}
   (You found it on level 9 of the Dungeon)

   It protects you from fire.
   It protects you from cold.
 N - the +1 ring mail of the Nightingale {rElec, unknown}
   (You found it on level 10 of the Dungeon)

   It insulates you from electricity.
Magical Staves
 m - an uncursed staff of cold
 C - an uncursed staff of earth
 H - an uncursed staff of death
Jewellery
 b - an uncursed ring of ice
 l - a ring of protection from fire (left hand)
Wands
 s - a wand of flame (14)
 w - a wand of paralysis (5)
 y - a wand of random effects (18)
 E - a wand of enslavement (12)
 F - a wand of iceblast (15)
 K - a wand of digging (12)
Scrolls
 a - 3 scrolls of fog
 d - 5 scrolls of teleportation
 r - 4 scrolls of enchant armour
 x - 6 scrolls of remove curse
 B - 2 scrolls of magic mapping
 D - a scroll of holy word {unknown}
 L - a scroll of noise {unknown}
 M - a scroll of vulnerability {unknown}
Potions
 c - 4 potions of might
 f - 2 potions of berserk rage
 g - 3 potions of curing
 o - a potion of invisibility
 v - 4 potions of brilliance
 G - a potion of magic {unknown}
 I - 2 potions of resistance


   Skills:
 + Level 4.3 Fighting
 + Level 6.3 Short Blades
 + Level 8.0 Dodging
 + Level 17.5 Stealth
 + Level 0.5 Shields
 + Level 8.2 Spellcasting
 + Level 9.5 Conjurations
 + Level 7.9 Translocations


You had 18 spell levels left.
You knew the following spells:

 Your Spells              Type           Power        Failure   Level
a - Magic Dart            Conj           100%         1%          1
b - Searing Ray           Conj           100%         1%          2
c - Iskenderun's Mystic   Conj/Tloc      65%          12%         4
d - Dazzling Flash        Conj/Hex       94%          19%         3

Your spell library contained the following spells:

 Spells                   Type           Power        Failure   Level
 Beastly Appendage        Tmut           28%          41%         1
 Fulminant Prism          Conj/Hex       23%          54%         4
 Wereblood                Tmut           14%          56%         2
 Spider Form              Tmut/Pois      7%           80%         3
 Irradiate                Conj/Tmut      23%          87%         5
 Ice Form                 Ice/Tmut       14%          99%         4
 Blade Hands              Tmut           7%           100%        5
 Hydra Form               Tmut           7%           100%        6
 Statue Form              Tmut/Erth      9%           100%        6
 Dragon Form              Tmut           7%           100%        7


Dungeon Overview and Level Annotations

Branches:
Dungeon (10/15)            Temple (1/1) D:6            Lair (2/6) D:10
 Shoals (0/4) Lair:2      Volcano (1/1)
  Snake: Lair:2-4    Spider: Lair:2-4       Orc: D:9-12

Altars:
Ashenzari
Cheibriados
Dithmenos
Elyvilon
Gozag
Hepliaklqana
Kikubaaqudgha
Makhleb
Nemelex Xobeh
Okawaru
Qazlal
Ru
Sif Muna
Trog
Uskayaw
Vehumet
Wu Jian
Xom
Yredelemnul
Zin
The Shining One

Shops:
D:4 [

Portals:
Abyss: D:4

Annotations:
D:4 2 transporters, Blodwynpig's ghost, amateur MiBe


Innate Abilities, Weirdness & Mutations

You are small and have problems with some larger weapons.
You are completely attuned to the shadows.


Message History

Confirm with . or Enter, or press ? or * to list all spells.
You feel a surge of power!
You miscast Iskenderun's Mystic Blast.
Nothing appears to happen.
The fire dragon breathes flames at you. The blast of flame misses you.
The two-headed ogre misses you.
The two-headed ogre hits you with a +0 giant club!
* * * LOW HITPOINT WARNING * * *
You feel much better. The fire dragon bites you!
* * * LOW HITPOINT WARNING * * *
The fire dragon claws you.
* * * LOW HITPOINT WARNING * * *
The fire dragon tramples you.
* * * LOW HITPOINT WARNING * * *
You stumble backwards!
Okay, then.
You feel better. The fire dragon breathes flames at you.
The blast of flame hits you! You resist.
You die...
Your body glows slightly and disappears.

...♣♣.§≈§≈♣...♣.....♣≈≈≈≈
...♣....≈.......♣....P≈≈≈
♣..♣♣..♣....♣≈≈§≈§♣....≈≈
≈P...)...P.P§≈§§≈§§...§§§
≈≈§.......≈≈≈≈≈≈≈≈≈♣..♣§§
≈§≈.♣.P.♣§§≈≈≈≈≈§≈....≈≈♣
≈≈≈≈≈≈≈≈≈≈°≈≈≈ ♣♣...≈§≈#
≈≈§≈≈≈≈≈≈≈○≈§ ♣♣♣...≈§≈§#
♣♣O@..♣♣§§§#
♣♣♣.D♣♣..♣♣♣≈# ♣....♣♣♣♣♣
§≈ ♣........ ♣........
♣..♣..... ♣.)....).


You could see a fire dragon (catching breath) and a two-headed ogre.

Vanquished Creatures
  Erolcha (D:9)
  A hydra (Lair:1)
  Fannar (Lair:1)
  Harold (Lair:1)
  4 two-headed ogres
  Sonja (D:10)
  3 salamanders (Volcano)
  A black mamba (Lair:1)
  A rime drake (Lair:1)
  3 cane toads
  6 komodo dragons
  2 hornets
  6 blink frogs (Lair:2)
  11 yaks (Lair:1)
  5 fire bats (Volcano)
  6 wyverns (Volcano)
  4 steam dragons
  Menkaure (D:5)
  6 water moccasins
  Duvessa (D:5)
  4 black bears (D:10)
  An ice beast (D:5)
  3 sky beasts
  3 orc warriors
  A necrophage (D:6)
  A phantom (D:7)
  5 wolves (Lair:1)
  8 ogres
  5 centaurs
  3 big kobolds
  11 bullfrogs
  Dowan (D:5)
  5 scorpions
  5 killer bees (D:8)
  10 wights
  A howler monkey (D:5)
  A crimson imp (D:4)
  A centaur zombie (D:8)
  5 orc priests
  5 hounds
  3 jellies (D:8)
  14 orc wizards
  A centaur skeleton (D:7)
  3 bullfrog skeletons
  A bullfrog zombie (D:10)
  An iguana (D:4)
  9 worker ants
  A killer bee zombie (D:7)
  A hound skeleton (D:7)
  A howler monkey zombie (D:6)
  2 worker ant zombies
  8 adders
  4 gnolls (D:10)
  2 shadow imps
  4 white imps
  An ufetubus (D:5)
  3 oozes
  3 adder skeletons
  2 worms
  2 dart slugs
  4 leopard geckos
  25 orcs
  2 ball pythons
  4 giant cockroaches
  10 goblins
  4 hobgoblins
  6 jackals
  15 kobolds
  11 quokkas
  A ball python skeleton (D:4)
  9 bats
  3 frilled lizards
  A leopard gecko zombie (D:2)
  2 rats (D:1)
307 creatures vanquished.

Vanquished Creatures (others)
  A blink frog (Lair:2)
  2 wyverns (Volcano)
  9 fungi
  101 plants
113 creatures vanquished.

Grand Total: 420 creatures vanquished

Notes
Turn   | Place    | Note
-------+----------+-------------------------------------------
     0 | D:1      | Almogavar the Kobold Conjurer began the quest for the Orb.
     0 | D:1      | Reached XP level 1. HP: 10/10 MP: 3/3
   179 | D:1      | Reached XP level 2. HP: 3/15 MP: 0/5
   182 | D:1      | Learned a level 2 spell: Searing Ray
  1425 | D:2      | Reached XP level 3. HP: 19/19 MP: 3/6
  1477 | D:2      | Reached skill level 3 in Stealth
  1967 | D:2      | Noticed a water moccasin
  1974 | D:2      | Killed a water moccasin
  1975 | D:2      | Reached skill level 5 in Conjurations
  1975 | D:2      | Reached XP level 4. HP: 7/24 MP: 0/8
  1975 | D:2      | Reached XP level 5. HP: 8/28 MP: 0/9
  2309 | D:2      | Reached skill level 4 in Stealth
  2373 | D:2      | Found a glowing silver altar of Zin.
  2373 | D:2      | Noticed an angel
  2717 | D:3      | Reached XP level 6. HP: 28/33 MP: 5/10
  2925 | D:3      | Learned a level 4 spell: Iskenderun's Mystic Blast
  2978 | D:3      | Reached skill level 5 in Stealth
  2981 | D:3      | Reached skill level 1 in Fighting
  3681 | D:3      | Reached skill level 1 in Translocations
  4498 | D:4      | Reached XP level 7. HP: 38/38 MP: 9/12
  4550 | D:4      | Reached skill level 1 in Short Blades
  4608 | D:4      | Reached skill level 6 in Stealth
  4991 | D:4      | Found Qidgh's Antique Armour Boutique.
  5068 | D:4      | Found a transporter.
  5096 | D:4      | Found a one-way gate to the infinite horrors of the Abyss.
  5096 | D:4      | Noticed Blodwynpig's ghost (amateur MiBe)
  5111 | D:4      | Noticed a small abomination
  5284 | D:4      | Found a radiant altar of Vehumet.
  5284 | D:4      | Found a burning altar of Makhleb.
  5431 | D:4      | Reached skill level 7 in Stealth
  5431 | D:4      | Reached XP level 8. HP: 43/43 MP: 8/13
  5921 | D:4      | Found a transporter.
  6008 | D:4      | Reached skill level 8 in Stealth
  6426 | D:5      | Entered Level 5 of the Dungeon
  6779 | D:5      | Found a shimmering blue altar of Sif Muna.
  6828 | D:5      | Noticed Menkaure
  6832 | D:5      | Killed Menkaure
  6833 | D:5      | Reached skill level 9 in Stealth
  6833 | D:5      | Reached XP level 9. HP: 48/48 MP: 9/15
  7026 | D:5      | Noticed Duvessa
  7029 | D:5      | Noticed Dowan
  7043 | D:5      | Killed Duvessa
  7045 | D:5      | Killed Dowan
  7474 | D:5      | Reached skill level 10 in Stealth
  7725 | D:5      | Found an iron altar of Okawaru.
  8256 | D:6      | Found a staircase to the Ecumenical Temple.
  8267 | Temple   | Entered the Ecumenical Temple
  8353 | Temple   | Became a worshipper of Nemelex Xobeh the Trickster
  8407 | D:6      | Found an opulent altar of Gozag.
  8793 | D:6      | Reached skill level 11 in Stealth
  8997 | D:7      | Noticed a hornet
  9002 | D:7      | Killed a hornet
  9077 | D:7      | Reached skill level 5 in Dodging
  9087 | D:7      | Reached XP level 10. HP: 24/54 MP: 9/17
  9292 | D:7      | Reached skill level 12 in Stealth
  9292 | D:7      | Reached skill level 5 in Translocations
  9841 | D:7      | Reached * piety under Nemelex Xobeh
  9841 | D:7      | Received a gift from Nemelex Xobeh
 10323 | D:8      | Reached skill level 5 in Spellcasting
 10442 | D:8      | Reached skill level 13 in Stealth
 10743 | D:8      | Received a gift from Nemelex Xobeh
 10847 | D:8      | Noticed a two-headed ogre
 10851 | D:8      | Killed a two-headed ogre
 10852 | D:8      | Reached skill level 5 in Short Blades
 10890 | D:8      | Noticed a two-headed ogre
 10892 | D:8      | Killed a two-headed ogre
 10897 | D:8      | Reached XP level 11. HP: 54/60 MP: 14/19
 11085 | D:8      | Found an opulent altar of Gozag.
 11085 | D:8      | Found a basalt altar of Yredelemnul.
 11088 | D:8      | Found a shimmering blue altar of Sif Muna.
 11089 | D:8      | Found a glowing golden altar of the Shining One.
 11115 | D:8      | Found a bloodstained altar of Trog.
 11117 | D:8      | Found a stormy altar of Qazlal.
 11117 | D:8      | Found a hide-covered altar of Uskayaw.
 11117 | D:8      | Found a shadowy altar of Dithmenos.
 11118 | D:8      | Found a shimmering altar of Xom.
 11119 | D:8      | Found a sacrificial altar of Ru.
 11482 | D:9      | Reached ** piety under Nemelex Xobeh
 11704 | D:9      | Noticed a two-headed ogre
 11707 | D:9      | Killed a two-headed ogre
 11708 | D:9      | Reached skill level 14 in Stealth
 11718 | D:9      | Noticed Erolcha
 11722 | D:9      | Killed Erolcha
 11841 | D:9      | Got a brightly glowing kite shield
 12893 | D:10     | Entered Level 10 of the Dungeon
 12995 | D:10     | Noticed Sonja
 12999 | D:10     | Killed Sonja
 13035 | D:10     | Reached *** piety under Nemelex Xobeh
 13193 | D:10     | Found a staircase to the Lair.
 13388 | D:10     | Got a spiked ring mail
 13480 | D:10     | Reached skill level 15 in Stealth
 14333 | Lair:1   | Entered Level 1 of the Lair of Beasts
 14333 | Lair:1   | Received a gift from Nemelex Xobeh
 14541 | Lair:1   | Reached **** piety under Nemelex Xobeh
 14576 | Lair:1   | Noticed Harold
 14578 | Lair:1   | Killed Harold
 14579 | Lair:1   | Reached XP level 12. HP: 66/66 MP: 20/22
 14732 | Lair:1   | Noticed Fannar
 14745 | Lair:1   | Killed Fannar
 14746 | Lair:1   | Reached skill level 16 in Stealth
 15300 | Lair:1   | Noticed a four-headed hydra
 15306 | Lair:1   | Killed a four-headed hydra
 15849 | Lair:1   | Learned a level 3 spell: Dazzling Flash
 15970 | Lair:2   | Reached skill level 17 in Stealth
 16001 | Lair:2   | Found a dark tunnel.
 16014 | Volcano  | Entered a volcano
 16189 | Volcano  | Identified the +5 kite shield "Iraczuritz" {rF+ rC+} (You
                  | found it on level 9 of the Dungeon)
 16602 | Volcano  | Reached XP level 13. HP: 66/70 MP: 18/24
 17221 | Volcano  | Noticed a fire dragon
 17686 | Volcano  | HP: 1/71 [fire dragon (5)]
 17687 | Volcano  | Killed from afar by a fire dragon

Illustrated notes

Levels and vault maps discovered:
D:1:      dpeg_arrival_solitude, layout_basic
D:2:      layout_basic, zin_angel
D:3:      layout_basic
D:4:      minmay_bubble_buster, layout_loops_corners,
          grunt_temple_overflow_lords_of_destruction, serial_shops,
          nicolae_shop_temple_entry_statues_fountains,
          gammafunk_ghost_abyssal_escape, serial_bayou_lagoon_a
D:5:      layout_layer_cave, basic_altar, kennysheep_okawaru_gauntlet,
          uniq_duvessa, uniq_menkaure
D:6:      layout_basic, minmay_temple_entry_hall, nicolae_gozag_seed_capital
D:7:      cheibrodos_iron_armory, layout_cave_pools
D:8:      layout_cave_pools, minitemple, st_stairs_6
D:9:      layout_stronghold, dk_vineyard_3, st_stairs_14, uniq_erolcha
D:10:     layout_long_grid, grunt_lair_entry_orc_guard_hut, uniq_sonja
Temple:   compressed_dpeg_triangle_lava_temple
Lair:1:   layout_loops_ring, uniq_harold, uniq_fannar
Lair:2:   layout_chaotic_city, minmay_shoals_entry_hut,
          nicolae_volcano_entry_lava_flow, infiniplex_staircase_pool
Volcano:  pf_volcano_lost_world

Skill      XL: |  1  2  3  4  5  6  7  8  9 10 11 12 13 |
---------------+----------------------------------------+-----
Stealth        | 3 4 5 7 9 11 13 15 17 | 17.5
Dodging        | 3 4 5 6 7 8 |  8.0
Spellcasting   | 3 4 5 6 7 8 |  8.2
Conjurations   | 5 6 7 8 9 |  9.5
Fighting       | 1 2 3 4 |  4.3
Translocations | 1 2 3 4 6 7 |  7.9
Short Blades   | 2 3 5 6 |  6.3
Shields        | |  0.5

Action                   |  1- 3 |  4- 6 |  7- 9 | 10-12 | 13-15 || total
-------------------------+-------+-------+-------+-------+-------++-------
Melee: Unarmed           |    19 |       |       |       |       ||    19
       Dagger            |     9 |    35 |    31 |    64 |       ||   139
 Cast: Magic Dart        |    23 |     1 |     2 |     5 |       ||    31
       Searing Ray       |    15 |    15 |    37 |   102 |    24 ||   193
       Iskenderun's Myst |       |       |       |    13 |     7 ||    20
Invok: Draw Destruction  |       |       |       |     5 |     3 ||     8
       Draw Summoning    |       |       |       |       |     1 ||     1
Evoke: Wand              |       |       |       |       |     1 ||     1
  Use: Scroll            |       |     3 |     3 |    14 |     1 ||    21
       Potion            |       |     2 |       |     1 |     3 ||     6
 Stab: Sleeping          |     2 |    18 |    26 |    45 |       ||    91
Armor: Robe              |     9 |     5 |     5 |     5 |     6 ||    30
Dodge: Dodged            |    33 |    28 |    31 |    91 |    27 ||   210
       Repelled          |       |       |       |     2 |     1 ||     3
Block: Kite shield       |       |       |       |     6 |    26 ||    32
